Map: Lightshade LE

Players

uwuThermal (uThermal) - Winner!

  • Race: Terran Terran
  • League: Master
  • Spawn Location: 5:00

Garitos

  • Race: Zerg Zerg
  • League: Master
  • Spawn Location: 11:00

VOD

Have the link to the VOD?

Description

Time

  • Played on: Dec. 31, 2020, 8:20 a.m.
  • Length: 7:40
Show
View Real Time Build Order
Export as new Build Order

uwuThermal Terran - Winner!

Build Orders: Reaper Expand 

Get SALT Encoding   

  12  0:00  SCV  
  13  0:12  SCV  
  14  0:17  Supply Depot  
  14  0:24  SCV  
  15  0:38  SCV  
  15  0:40  Barracks  
  16  0:43  Refinery  
  16  0:51  SCV  
  17  1:03  SCV  
  18  1:15  SCV  
  19  1:27  Reaper  
  19  1:28  Orbital Command  
  20  1:39  Command Center  
  20  1:47  Supply Depot  
  20  1:53  SCV  
  21  1:59  Marine  
  22  2:05  SCV  
  22  2:07  Bunker  
  23  2:15  Factory  
  23  2:17  Marine  
  23  2:19  SCV  
  25  2:26  Bunker  
  25  2:31  SCV  
  26  2:38  Marine  
  26  2:43  SCV  
  28  2:52  Supply Depot  
  28  2:55  SCV  
  28  2:56  Marine  
  29  2:59  Factory Tech Lab  
  29  3:03  Refinery  
  29  3:08  SCV  
  29  3:10  Supply Depot  
  30  3:14  Marine  
  30  3:17  Supply Depot, Siege Tank  
  34  3:32  SCV, Marine  
  36  3:39  Supply Depot  
  36  3:44  SCV  
  37  3:49  Siege Tank  
  40  3:56  SCV  
  41  4:07  Command Center, Marine  
  41  4:08  SCV  
  43  4:22  Siege Tank  
  46  4:25  Marine  
  46  4:29  SCV  
  46  4:30  Starport  
  48  4:34  Supply Depot  
  48  4:41  SCV  
  48  4:43  Marine  
  50  4:53  SCV  
  50  4:54  Siege Tank  
  54  5:06  SCV  
  51  5:14  Marine  
  50  5:23  SCV  
  50  5:26  Siege Tank, Orbital Command  
  52  5:30  Command Center  
  52  5:32  Marine  
  53  5:37  SCV  
  53  5:38  Bunker  
  53  5:40  Starport Tech Lab  
  54  5:49  SCV  
  55  5:50  Marine  
  56  5:58  Siege Tank  
  55  6:06  SCV  
  55  6:07  Marine  
  56  6:11  Banshee  
  60  6:20  Orbital Command  
  60  6:21  SCV  
  60  6:25  Marine  
  59  6:30  Siege Tank  
  60  6:35  SCV  
  54  6:43  Marine  
  54  6:45  SCV, Bunker  
  56  6:48  SCV  
  56  6:50  Orbital Command  
  56  6:54  Banshee  
  56  6:57  SCV  
  56  7:00  Refinery  
  56  7:01  SCV, Marine  
  60  7:02  Refinery  
  62  7:09  SCV  
  62  7:13  SCV  
  67  7:18  SCV  
  67  7:19  Marine  
  67  7:21  SCV  
  70  7:26  SCV  
  71  7:30  Barracks x2  
Show
View Real Time Build Order
Export as new Build Order

Garitos Zerg 

Build Orders: Hatch First 

Get SALT Encoding   

  12  0:00  Drone  
  13  0:09  Drone  
  14  0:36  Hatchery  
  14  0:38  Drone  
  14  0:54  Spawning Pool  
  13  0:58  Drone  
  14  1:11  Extractor, Drone  
  14  1:12  Extractor  
  14  1:13  Drone  
  14  1:19  Overlord  
  14  1:41  Roach Warren  
  13  1:48  Queen  
  13  1:50  Zergling x2  
  16  2:21  Roach x2  
  16  2:22  Roach  
  22  2:24  Roach  
  23  2:43  Spore Crawler  
  22  2:48  Ravager  
  22  2:49  Roach  
  25  2:57  Overlord  
  26  2:59  Ravager  
  26  3:03  Drone  
  28  3:21  Drone x3  
  28  3:22  Drone  
  32  3:28  Ravager  
  32  3:29  Ravager  
  34  3:36  Drone x2  
  36  3:56  Overlord  
  36  4:14  Queen x2  
  40  4:17  Drone x3  
  40  4:19  Drone  
  44  4:30  Metabolic Boost  
  44  4:38  Overlord  
  44  4:47  Overlord  
  44  5:01  Drone  
  42  5:18  Roach x2  
  39  5:25  Roach x5  
  39  5:26  Roach  
  48  5:37  Roach x4, Zergling x2  
  48  5:38  Zergling x2  
  48  5:39  Ravager  
  52  5:52  Queen, Zergling x2  
  51  5:59  Ravager  
  51  6:00  Ravager  
  48  6:07  Zergling x8  
  43  6:11  Zergling x2  
  43  6:13  Zergling x2  
  43  6:14  Zergling x2  
  43  6:16  Zergling x2  
  43  6:20  Zergling x2  
  43  6:21  Zergling x2  
  42  6:30  Ravager  
  38  6:33  Ravager  
  38  6:35  Ravager  
  38  6:38  Drone  
  35  6:42  Ravager x2  
  37  6:53  Roach  
  39  6:54  Hatchery, Drone  
  39  7:02  Spore Crawler  
  38  7:19  Ravager  
Tags
 
Add a new tag
Caveats
  • Supply blocks, unpowered buildings, or Contaminate may cause inaccurate times.
  • Supply counts are checked every 10 seconds.